 Dungeon Crawl Stone Soup version 0.23-a0-641-g0a7f1ce553 (webtiles) character file.

55 HereIgoKillingAgain the Charmwright (level 3, -5/31 HPs)
             Began as a Gnoll Skald on Dec 30, 2018.
             Slain by a gnoll
             ... wielding a +0 flail
              (8 damage)
             ... on level 2 of the Dungeon.
             The game lasted 00:01:04 (1092 turns).

HereIgoKillingAgain the Charmwright (Gnoll Skald)   Turns: 1092, Time: 00:01:05

Health: -5/31      AC:  3    Str: 14    XL:     3   Next: 93%
Magic:  9/9        EV: 14    Int: 15    God:
Gold:   27         SH:  0    Dex: 14    Spells: 1/12 levels left

rFire    . . .     SeeInvis .   a - +0 hand axe
rCold    . . .     Gourm    .   (no shield)
rNeg     . . .     Faith    .   b - +0 leather armour
rPois    .         Spirit   .   (no helmet)
rElec    .         Reflect  .   (no cloak)
rCorr    .         Harm     .   (no gloves)
MR       .....                  (no boots)
Stlth    +.........             (no amulet)
HPRegen  0.10/turn              (no ring)
MPRegen  0.11/turn              (no ring)

@: infused (expiring), singing
A: distributed training, fangs 1, strong nose
a: no special abilities


You were on level 2 of the Dungeon.
You were hungry.

You visited 1 branch of the dungeon, and saw 2 of its levels.

You collected 27 gold pieces.

Inventory:

Hand Weapons
 a - a +0 hand axe (weapon)
Armour
 b - a +0 leather armour (worn)
Scrolls
 e - 2 scrolls of identify {unknown}
 g - a scroll of random uselessness {unknown}
 h - a scroll of teleportation {unknown}
 j - 2 scrolls of blinking {unknown}
 l - a scroll of fog {unknown}
 m - a scroll of enchant armour {unknown}
 o - a scroll of remove curse {unknown}
Potions
 f - a potion of lignification {unknown}
 i - a potion of curing {unknown}
 k - a potion of cancellation {unknown}
 n - a potion of flight {unknown}
 p - a potion of berserk rage {unknown}
Comestibles
 d - 3 rations


   Skills:
 + Level 4.6 Fighting
 + Level 1.0 Short Blades
 + Level 1.0 Long Blades
 + Level 4.6 Axes
 + Level 1.0 Maces & Flails
 + Level 1.0 Polearms
 + Level 1.0 Staves
 + Level 1.0 Slings
 + Level 1.0 Bows
 + Level 1.0 Crossbows
 + Level 1.0 Throwing
 + Level 2.6 Armour
 + Level 4.6 Dodging
 + Level 1.0 Stealth
 + Level 1.0 Shields
 + Level 1.0 Unarmed Combat
 + Level 5.0 Spellcasting
 + Level 0.7 Conjurations
 + Level 0.7 Hexes
 + Level 5.4 Charms
 + Level 0.7 Summonings
 + Level 0.7 Necromancy
 + Level 0.7 Translocations
 + Level 0.7 Transmutations
 + Level 0.7 Fire Magic
 + Level 0.7 Ice Magic
 + Level 0.7 Air Magic
 + Level 0.7 Earth Magic
 + Level 0.7 Poison Magic
 + Level 1.0 Invocations
 + Level 1.0 Evocations


You had one spell level left.
You knew the following spells:

 Your Spells              Type           Power        Failure   Level  Hunger
a - Song of Slaying       Chrm           ###.....     3%          2    ##.....
b - Infusion              Chrm           ###.         2%          1    None
c - Shroud of Golubria    Chrm/Tloc      ##........   9%          2    ##.....
d - Spectral Weapon       Hex/Chrm       ##......     17%         3    ###....
e - Regeneration          Chrm/Necr      ##........   17%         3    ###....

Your spell library contained the following spells:

 Spells                   Type           Power        Failure   Level  Hunger


Dungeon Overview and Level Annotations

Branches:
Dungeon (2/15)

Altars:


Innate Abilities, Weirdness & Mutations

Your experience applies equally to all skills.
You have very sharp teeth.
Your uncanny sense of smell can sniff out nearby items.


Message History

The gnoll hits you from afar with a +0 spear.
You barely miss the gnoll.
The gnoll is heavily wounded.
The gnoll hits you with a +0 flail.
* * * LOW HITPOINT WARNING * * *
The gnoll hits you from afar with a +0 spear.
* * * LOW HITPOINT WARNING * * *
Unknown command.
You closely miss the gnoll.
The gnoll is heavily wounded.
The gnoll hits you but does no damage. The gnoll barely misses you.
Unknown command.
It was a potion of magic.
Magic courses through your body. The gnoll hits you with a +0 flail.
* * * LOW HITPOINT WARNING * * *
You barely miss the gnoll.
The gnoll is heavily wounded.
Your magical infusion is running out.
The gnoll completely misses you. The gnoll hits you with a +0 flail!
You die...

### #.. ######.####### #
#### #.......†..†.###.#
..) #.####.#####.....#
..# #. #.# #..#######..#
#. ##.## ##....#.....#
#.###...#######..#.†...##
#.........@gg....#.).[..#
#...#...#####.#.........#
#.#.##### #.......##..# #
#.# #........# ..# #.#
.....####.## .# #.#
###.## #.# # #.# #. #.#
#.# #. #.# #.#.# ..


You could see 2 gnolls.

Vanquished Creatures
  2 gnolls (D:2)
  2 worms (D:2)
  9 bats
  A hobgoblin (D:1)
  6 kobolds
  2 quokkas (D:2)
  4 frilled lizards (D:1)
  5 rats
31 creatures vanquished.

Notes
Turn   | Place    | Note
-------+----------+-------------------------------------------
     0 | D:1      | HereIgoKillingAgain the Gnoll Skald began the quest for the
                  | Orb.
     0 | D:1      | Reached XP level 1. HP: 20/20 MP: 6/6
   223 | D:1      | Reached XP level 2. HP: 22/26 MP: 7/7
   641 | D:2      | Reached XP level 3. HP: 11/31 MP: 9/9
   844 | D:2      | Learned a level 2 spell: Song of Slaying
   847 | D:2      | Learned a level 2 spell: Shroud of Golubria
   851 | D:2      | Learned a level 3 spell: Spectral Weapon
   855 | D:2      | Learned a level 3 spell: Regeneration
   885 | D:2      | Reached skill level 5 in Spellcasting
  1070 | D:2      | Reached skill level 1 in Invocations
  1087 | D:2      | Reached skill level 1 in Short Blades
  1087 | D:2      | Reached skill level 1 in Long Blades
  1087 | D:2      | Reached skill level 1 in Maces & Flails
  1087 | D:2      | Reached skill level 1 in Polearms
  1087 | D:2      | Reached skill level 1 in Staves
  1087 | D:2      | Reached skill level 1 in Slings
  1087 | D:2      | Reached skill level 1 in Bows
  1087 | D:2      | Reached skill level 1 in Crossbows
  1087 | D:2      | Reached skill level 1 in Throwing
  1087 | D:2      | Reached skill level 1 in Stealth
  1087 | D:2      | Reached skill level 1 in Shields
  1087 | D:2      | Reached skill level 1 in Unarmed Combat
  1087 | D:2      | Reached skill level 1 in Evocations
  1092 | D:2      | Slain by a gnoll

Vault maps used:
D:1:      minmay_arrival_up_and_down
D:2:      gammafunk_temple_overflow_statue

Skill      XL: |  1  2  3 |
---------------+----------+-----
Spellcasting   | 5 |  5.0
Invocations    | 1 |  1.0
Short Blades   | 1 |  1.0
Long Blades    | 1 |  1.0
Maces & Flails | 1 |  1.0
Polearms       | 1 |  1.0
Staves         | 1 |  1.0
Slings         | 1 |  1.0
Bows           | 1 |  1.0
Crossbows      | 1 |  1.0
Throwing       | 1 |  1.0
Stealth        | 1 |  1.0
Shields        | 1 |  1.0
Unarmed Combat | 1 |  1.0
Evocations     | 1 |  1.0
Fighting       | |  4.6
Axes           | |  4.6
Armour         | |  2.6
Dodging        | |  4.6
Conjurations   | |  0.7
Hexes          | |  0.7
Charms         | |  5.4
Summonings     | |  0.7
Necromancy     | |  0.7
Translocations | |  0.7
Transmutations | |  0.7
Fire Magic     | |  0.7
Ice Magic      | |  0.7
Air Magic      | |  0.7
Earth Magic    | |  0.7
Poison Magic   | |  0.7

Action                   || total
-------------------------++-------
Melee: Hand axe          ||    81
       Bite              ||     5
 Cast: Infusion          ||     1
       Song of Slaying   ||     1
  Use: Potion            ||     1
 Stab: Sleeping          ||     2
Armor: Leather armour    ||    24
Dodge: Dodged            ||    67

Table legend:
 A = Non-vault XP
 B = Vault XP
 C = Vault XP percentage of total XP
 D = Non-vault monster count
 E = Vault monster count
 F = Vault count percentage of total count
                 A         B        C        D         E       F
            +---------+---------+-------+---------+---------+-------
      Total |      79 |       0 |   0.0 |      31 |       0 |   0.0
            +---------+---------+-------+---------+---------+-------
        D:1 |      26 |       0 |   0.0 |      17 |       0 |   0.0
        D:2 |      53 |       0 |   0.0 |      14 |       0 |   0.0
            +---------+---------+-------+---------+---------+-------
